 Dungeon Crawl Stone Soup version 0.31-a0-222-gefeffbb62a (webtiles) character file.

Game seed: 7690247138952465395

29 qw the Shooter (level 3, -2/21 HPs)
             Began as a Gargoyle Hexslinger on July 4, 2023.
             Slain by a kobold
             ... wielding a +0 short sword of distortion
              (5 damage)
             ... on level 2 of the Dungeon.
             The game lasted 00:00:23 (996 turns).

qw the Shooter (Gargoyle Hexslinger)                 Turns: 996, Time: 00:00:24

Health: -2/21      AC:  5    Str: 11    XL:     3   Next: 16%
Magic:  4/4        EV: 12    Int: 13    God:
Gold:   78         SH:  0    Dex: 14    Spells: 3/4 levels left

rFire   . . .        Y - +1 sling (drain)
rCold   . . .        (no shield)
rNeg    + . .        c - +0 robe
rPois   inf          (no helmet)
rElec   +            (no cloak)
rCorr   .            (no gloves)
SInv    .            (no boots)
Will    .....        (no amulet)
Stlth   +            (no ring)
HPRegen 0.23/turn    (no ring)
MPRegen 0.09/turn

%: no passive effects
@: no status effects
A: sickness immunity, AC +3, negative energy resistance 1, electricity
resistance, torment resistance 1, petrification resistance
a: no special abilities


You were on level 2 of the Dungeon.
You visited 1 branch of the dungeon, and saw 2 of its levels.

You collected 78 gold pieces.


Innate Abilities, Weirdness & Mutations

You are immune to sickness and miasma.
Your stone body is resilient. (AC +3)
You are immune to poison.
You resist negative energy. (rN+)
You are resistant to electric shocks. (rElec)
You are resistant to unholy torment.
You are immune to petrification.


   Skills:
 - Level 2.0 Fighting
 + Level 3.1 Ranged Weapons
 - Level 1.5 Dodging
 - Level 1.0 Spellcasting
 - Level 2.6 Hexes


You had 3 spell levels left.
You knew the following spells:

 Your Spells              Type           Power      Damage    Failure   Level
a - Slow                  Hex            28%        N/A       10%         1

Your spell library contained the following spells:

 Spells                   Type           Power      Damage    Failure   Level
 Inner Flame              Hex/Fire       4%         N/A       43%         3
 Portal Projectile        Hex/Tloc       8%         N/A       43%         3
 Cause Fear               Hex            3%         N/A       67%         4

Inventory:

Hand Weapons
 Y - a +1 sling of draining (weapon)
Armour
 c - a +0 robe (worn)
Potions
 g - a potion of ambrosia {unknown}
 h - a potion of degeneration {unknown}

Dungeon Overview and Level Annotations

Branches:
Dungeon (2/15)

Altars:


Message History

You shoot a sling bullet. The sling bullet hits the bat.
You drain the bat.
You kill the bat!
Found a short sword.
You now have 78 gold pieces (gained 3).
Found a short sword.
As you open the door, it creaks loudly!
There is an open door here.
A kobold and an adder come into view.
The kobold is wielding a +0 short sword of distortion.
Enter note: You shoot a sling bullet.
The sling bullet hits the adder.
The adder hisses angrily.
The adder is lightly wounded.
The kobold shouts!
You hear an angry hiss.
You shoot a sling bullet.
The sling bullet closely misses the adder.
Found a stone staircase leading up.
Enter note:
Enter note: You shoot a sling bullet.
The sling bullet hits the adder.
The adder is moderately wounded.
The adder misses you.
You shoot a sling bullet. The sling bullet misses the adder.
The sling bullet closely misses the kobold.
The adder closely misses you. x2; The kobold hits you but does no damage.
Space warps horribly around you!
Ouch! That really hurt!
You shoot a sling bullet.
The sling bullet barely misses the adder.
The adder barely misses you. The kobold barely misses you.
You shoot a sling bullet. The sling bullet hits the adder.
The adder is almost dead.
The adder closely misses you.
The kobold hits you with a +0 short sword of distortion.
Space warps around you. The adder bites you but does no damage.
You shoot a sling bullet.
The sling bullet closely misses the adder.
The adder bites you but does no damage. The kobold hits you but does no damage.
Space warps around you.
You die...

.........'.....)........
.........###..........#
#######.## #..........#
#.# ###........# # #.#
#####.#.### .. #.# .#
#.#.#<# ###.# #.# ..#
#.#.#.#
#....<#.#...#####.#.#.#
......S@..........#.#.#
......K...............#
..................#.....
.######.................
#.#########.#..... #.#
#.#..... ... . ......
#.# . ....... ..........


You could see an adder and a kobold.

Vanquished Creatures
  3 ball pythons (D:1)
  2 endoplasms (D:1)
  4 giant cockroaches (D:1)
  2 jackals (D:1)
  2 bats
  2 frilled lizards (D:1)
  5 goblins (D:1)
  5 kobolds (D:1)
25 creatures vanquished.

Notes
Turn   | Place    | Note
-------+----------+-------------------------------------------
     0 | D:1      | qw the Gargoyle Hexslinger began the quest for the Orb.
     0 | D:1      | Reached XP level 1. HP: 12/12 MP: 2/2
     0 | D:1      | 0 ||| qw: Version: 0.3-a-46-gb1f654a
     0 | D:1      | 0 ||| qw: Game counter: 975
     0 | D:1      | 0 ||| qw: Melee chars always use a shield: true
     0 | D:1      | 0 ||| qw: God list: Okawaru
     0 | D:1      | 0 ||| qw: Allow faded altars: false
     0 | D:1      | 0 ||| qw: Do Orc after clearing Dungeon:15 true
     0 | D:1      | 0 ||| qw: Do second Lair branch before Depths: true
     0 | D:1      | 0 ||| qw: Lair rune preference: random
     0 | D:1      | 0 ||| qw: Goals: Normal
     0 | D:1      | 0 ||| PLANNING D:1-11
   323 | D:1      | Reached XP level 2. HP: 16/16 MP: 3/3
   493 | D:1      | Reached skill level 3 in Ranged Weapons
   708 | D:1      | Reached XP level 3. HP: 21/21 MP: 4/4
   881 | D:1      | 881 ||| DROPPING amulet of magic regeneration.
   882 | D:1      | 882 ||| READING scroll labelled ATEZYS RUHEUG.
   883 | D:1      | 883 ||| READING scroll labelled YCVOH JEEGEOT.
   884 | D:1      | 884 ||| READING scroll labelled YVUCUA MYUNY.
   885 | D:1      | 885 ||| DROPPING scroll of poison.
   995 | D:2      | HP: 5/21 [kobold/+0 short sword of distortion (2)]
   995 | D:2      | HP: 2/21 [kobold/+0 short sword of distortion (3)]
   996 | D:2      | Slain by a kobold

Levels and vault maps discovered:
D:1:      amcnicky_arrival_wind_blow, layout_loops_corners, patterned_corridor
D:2:      layout_basic

Skill      XL: |  1  2 |
---------------+-------+-----
Ranged Weapons | 3 |  3.1
Fighting       | 2 |  2.0
Dodging        | |  1.5
Spellcasting   | |  1.0
Hexes          | |  2.6

Action                     || total
---------------------------++-------
   Fire: Sling             ||    98
    Use: Scroll            ||     3
 Armour: Robe              ||    17
  Dodge: Dodged            ||    39

Table legend:
 A = Non-vault XP
 B = Vault XP
 C = Vault XP percentage of total XP
 D = Non-vault monster count
 E = Vault monster count
 F = Vault count percentage of total count
                 A         B        C        D         E       F
            +---------+---------+-------+---------+---------+-------
      Total |      42 |       0 |   0.0 |      25 |       0 |   0.0
            +---------+---------+-------+---------+---------+-------
        D:1 |      40 |       0 |   0.0 |      24 |       0 |   0.0
        D:2 |       2 |       0 |   0.0 |       1 |       0 |   0.0
            +---------+---------+-------+---------+---------+-------
